 Dungeon Crawl Stone Soup version 0.29.0-4-gdea44cf6ec (webtiles) character file.

Game seed: 785204961445315936

58 qw the Chopper (level 4, -16/26 HPs)
             Began as a Tengu Warper on Aug 28, 2022.
             Demolished by Sigmund
             ... wielding a +2 vorpal scythe
              (18 damage)
             ... on level 2 of the Dungeon.
             The game lasted 00:00:09 (1646 turns).

qw the Chopper (Tengu Warper)                       Turns: 1646, Time: 00:00:09

Health: -16/26     AC:  5    Str: 13    XL:     4   Next: 2%
Magic:  8/8        EV: 11    Int: 13    God:
Gold:   108        SH:  0    Dex: 14    Spells: 7/7 levels left

rFire   . . .      SeeInvis .   Y - +0 hand axe
rCold   . . .      Faith    .   (no shield)
rNeg    . . .      Spirit   .   i - +0 ring mail
rPois   .          Reflect  .   (helmet restricted)
rElec   .          Harm     .   (no cloak)
rCorr   .          Rampage  .   (no gloves)
Will    .....                   (boots unavailable)
Stlth   +.........              (no amulet)
HPRegen 0.08/turn               (no ring)
MPRegen 0.11/turn               (no ring)

@: no status effects
A: beak, talons 3
a: no special abilities


You were on level 2 of the Dungeon.
You visited 1 branch of the dungeon, and saw 2 of its levels.

You collected 108 gold pieces.


Innate Abilities, Weirdness & Mutations

You have a beak for a mouth.
You have claws for feet.


   Skills:
 - Level 2.0 Fighting
 + Level 4.6 Axes
 - Level 1.0 Throwing
 - Level 1.1 Armour
 - Level 2.1 Dodging
 - Level 2.0 Spellcasting
 - Level 2.4 Translocations


You had 7 spell levels left.
You didn't know any spells.
Your spell library contained the following spells:

 Spells                   Type           Power      Damage    Failure   Level
 Blink                    Tloc           14%        N/A       30%         2
 Gell's Gravitas          Tloc           7%         N/A       52%         3
 Lesser Beckoning         Tloc           7%         N/A       52%         3
 Teleport Other           Tloc           7%         N/A       52%         3
 Manifold Assault         Tloc           7%         N/A       99%         5

Inventory:

Hand Weapons
 e - a +0 mace
 Y - a +0 hand axe (weapon)
Armour
 i - a +0 ring mail (worn)
Scrolls
 a - 5 scrolls of identify
Potions
 b - a potion of degeneration {unknown}
 h - a potion of haste {unknown}

Dungeon Overview and Level Annotations

Branches:
Dungeon (2/15)

Altars:

Annotations:
D:2 Sigmund


Message History

Sigmund is nearby!
A goblin comes into view. It is wielding a +0 dagger.
The adder hisses angrily.
The goblin shouts!
Sigmund barely misses you. The goblin closely misses you.
Sigmund drinks a potion.
Sigmund seems to grow stronger.
You closely miss Sigmund. You claw Sigmund.
Sigmund is lightly wounded.
You barely miss the goblin. The goblin hits you but does no damage.
Sigmund gestures at you while chanting. You resist with some effort.
You completely miss Sigmund. Your peck misses Sigmund.
Sigmund is lightly wounded.
You hit the goblin. The goblin hits you with a +0 dagger.
Sigmund mumbles some strange words.
Sigmund flickers and vanishes!
Deactivating autopickup; reactivate with Ctrl-A.
The goblin hits you but does no damage.
You hit the goblin.
You kill the goblin!
You barely miss something. Something hits you.
You hit the adder. Your kick misses the adder. Your peck misses the adder.
The adder is heavily wounded.
You barely miss something. The adder bites you but does no damage.
The adder misses you. Something hits you!
Ouch! That really hurt!
You miss the adder. Your peck misses the adder.
The adder is heavily wounded.
You closely miss something. The adder barely misses you.
You closely miss the adder.
The adder is heavily wounded.
You miss something. The adder bites you. Something hits you!!
Ouch! That really hurt!
You die...

.# .## ..#
..# ## .##
# ##..# ..
...
#.#...#####
.#..#
#$#{S.....#
.#^.
#..@..# #.#
....
###.#####.#
.#.#
#..>.##.#
.#.###.
#.##.##.#
.......
#.##.##.#
#.#####
#.......#
#.##
####.####
...#
#########.#
#..#
#.........#


You could see an adder.

Vanquished Creatures
  2 adders (D:2)
  A worm (D:2)
  4 endoplasms (D:1)
  2 giant cockroaches
  5 goblins
  3 hobgoblins
  2 jackals (D:2)
  4 quokkas
  5 ball pythons
  3 bats
  A frilled lizard (D:1)
  2 kobolds (D:2)
  A rat (D:1)
35 creatures vanquished.

Vanquished Creatures (others)
  6 plants (D:2)
6 creatures vanquished.

Grand Total: 41 creatures vanquished

Notes
Turn   | Place    | Note
-------+----------+-------------------------------------------
     0 | D:1      | qw the Tengu Warper began the quest for the Orb.
     0 | D:1      | Reached XP level 1. HP: 12/12 MP: 4/4
     0 | D:1      | 0 ||| qw: Version: 0.1-a-89-g26bdef1
     0 | D:1      | 0 ||| qw: Game counter: 1368
     0 | D:1      | 0 ||| qw: Always use a shield: true
     0 | D:1      | 0 ||| qw: God list: Okawaru
     0 | D:1      | 0 ||| qw: Allow faded altars: false
     0 | D:1      | 0 ||| qw: Do Orc after D:15 true
     0 | D:1      | 0 ||| qw: Do second Lair branch before Depths: true
     0 | D:1      | 0 ||| qw: Lair rune preference: random
     0 | D:1      | 0 ||| qw: Plans: Normal
     0 | D:1      | 0 ||| PLANNING D:1-11
    38 | D:1      | 38 ||| Stepping ~*~*~tactically~*~*~ (stealth).
    39 | D:1      | 39 ||| Stepping ~*~*~tactically~*~*~ (stealth).
    43 | D:1      | 43 ||| Stepping ~*~*~tactically~*~*~ (stealth).
    58 | D:1      | 58 ||| Stepping ~*~*~tactically~*~*~ (stealth).
    65 | D:1      | Reached XP level 2. HP: 15/17 MP: 6/6
   306 | D:1      | 306 ||| Stepping ~*~*~tactically~*~*~ (stealth).
   309 | D:1      | Reached skill level 3 in Axes
   741 | D:1      | Found a faded altar of an unknown god.
   857 | D:1      | 857 ||| UPGRADING to +0 ring mail.
   867 | D:1      | 867 ||| DROPPING +0 leather armour.
   868 | D:1      | 868 ||| DROPPING amulet of magic regeneration.
   869 | D:1      | 869 ||| READING scroll labelled VUOKULEMAWN.
   873 | D:1      | 873 ||| READING scroll labelled BUBURA CIJO.
   874 | D:1      | 874 ||| READING scroll labelled XUIM JUETWONO.
   875 | D:1      | 875 ||| READING scroll labelled OPENNI MAODGH.
   876 | D:1      | 876 ||| DROPPING scroll of blinking.
   939 | D:2      | Reached XP level 3. HP: 19/21 MP: 7/7
  1064 | D:2      | Reached skill level 4 in Axes
  1279 | D:2      | 1279 ||| Stepping ~*~*~tactically~*~*~ (stealth).
  1384 | D:2      | 1384 ||| Stepping ~*~*~tactically~*~*~ (stealth).
  1388 | D:2      | 1388 ||| FLEEEEING.
  1389 | D:2      | 1389 ||| FLEEEEING.
  1390 | D:2      | 1390 ||| FLEEEEING.
  1595 | D:2      | Reached XP level 4. HP: 26/26 MP: 8/8
  1636 | D:2      | Noticed Sigmund
  1637 | D:2      | 1637 ||| Stepping ~*~*~tactically~*~*~ (hiding).
  1644 | D:2      | HP: 4/26 [something (4)]
  1646 | D:2      | Demolished by Sigmund

Levels and vault maps discovered:
D:1:      psy_arrival_heroes, layout_loops_ring, shapermc_ecumenical_altar_petra
D:2:      layout_loops_cross, serial_forest, infiniplex_forest_clump_small,
          infiniplex_forest_clump_diagonal, infiniplex_forest_corner_1,
          infiniplex_forest_clump_small, infiniplex_forest_clump_curved,
          infiniplex_forest_end_double, minmay_circle_x, uniq_sigmund

Skill      XL: |  1  2  3 |
---------------+----------+-----
Axes           | 3 4 |  4.6
Fighting       | |  2.0
Throwing       | |  1.0
Armour         | |  1.1
Dodging        | |  2.1
Spellcasting   | |  2.0
Translocations | |  2.4

Action                   |  1- 3 |  4- 6 || total
-------------------------+-------+-------++-------
Melee: Hand axe          |    80 |     6 ||    86
       Kick              |    22 |     1 ||    23
       Peck              |    10 |       ||    10
       Punch             |     1 |       ||     1
Throw: Boomerang         |     7 |       ||     7
  Use: Scroll            |     4 |       ||     4
Armor: Leather armour    |     4 |       ||     4
       Ring mail         |    23 |     3 ||    26
Dodge: Dodged            |    34 |     4 ||    38

Table legend:
 A = Non-vault XP
 B = Vault XP
 C = Vault XP percentage of total XP
 D = Non-vault monster count
 E = Vault monster count
 F = Vault count percentage of total count
                 A         B        C        D         E       F
            +---------+---------+-------+---------+---------+-------
      Total |      76 |       8 |   9.5 |      30 |       5 |  14.3
            +---------+---------+-------+---------+---------+-------
        D:1 |      22 |       0 |   0.0 |      13 |       0 |   0.0
        D:2 |      54 |       8 |  12.9 |      17 |       5 |  22.7
            +---------+---------+-------+---------+---------+-------
